Map: Alcyone LE

Players

A.I. 1 (Very Easy)

  • Race: Zerg Zerg
  • Spawn Location: 7:00

BuRny - Winner!

  • Race: Protoss Protoss
  • Spawn Location: 1:00

VOD

Have the link to the VOD?

Description

Time

  • Played on: Jan. 26, 2024, 7:15 a.m.
  • Length: 8:42
Show
View Real Time Build Order
Export as new Build Order

A.I. 1 (Very Easy) Zerg 

Build Orders: Hatch First 

Get SALT Encoding   

  12  0:01  Drone  
  13  0:12  Overlord  
  13  0:16  Drone  
  14  0:42  Hatchery  
  13  0:45  Drone  
  14  1:02  Spawning Pool  
  13  1:04  Drone  
  13  1:08  Extractor  
  13  1:11  Drone  
  14  1:19  Overlord  
  14  1:49  Zergling x2  
  14  1:51  Zergling x2, Queen  
  18  1:55  Roach Warren  
  18  1:59  Drone  
  18  2:02  Extractor  
  18  2:07  Drone  
  18  2:13  Zergling x2  
  19  2:19  Drone  
  20  2:26  Drone  
  21  2:33  Drone  
  22  2:40  Drone  
  23  2:47  Drone  
  24  2:54  Drone  
  25  3:02  Drone, Roach  
  28  3:07  Overlord  
  28  3:11  Drone  
  29  3:18  Drone  
  29  3:26  Drone  
  30  3:33  Drone  
  31  3:40  Drone  
  32  3:42  Overlord  
  32  3:47  Drone  
  33  3:50  Lair, Roach  
  33  3:54  Drone  
  36  4:02  Drone  
  34  4:09  Drone  
  28  4:16  Drone  
  26  4:23  Drone  
  27  4:30  Drone  
  28  4:38  Drone  
  29  4:39  Roach  
  29  4:45  Drone  
  32  4:47  Overseer  
  32  4:50  Overseer  
  32  4:52  Drone  
  33  4:59  Drone  
  34  5:07  Drone  
  35  5:14  Drone  
  36  5:21  Drone  
  36  5:22  Extractor  
  36  5:27  Roach  
  36  5:28  Drone  
  29  5:36  Drone  
  25  5:43  Drone  
  26  5:50  Drone  
  26  5:56  Zergling x2  
  28  5:57  Drone, Extractor  
  28  6:04  Drone  
  29  6:11  Drone  
  30  6:19  Drone  
  30  6:25  Roach  
  33  6:26  Drone  
  34  6:33  Drone  
  35  6:40  Drone  
  36  6:47  Drone  
  37  6:54  Drone  
  38  7:01  Drone  
  39  7:09  Drone  
  40  7:16  Drone  
  41  7:23  Drone  
  41  7:26  Zergling x2  
  41  7:27  Queen, Overlord  
  42  7:30  Drone  
  26  7:38  Drone  
  17  7:45  Drone  
  18  7:54  Drone  
  19  8:04  Roach  
  19  8:15  Drone  
  5  8:26  Drone  
Show
View Real Time Build Order
Export as new Build Order

BuRny Protoss - Winner!

Build Orders: 1 Gate Expand, Oracle Opening, Zealot Archon, Archon Drop 

Get SALT Encoding   

  12  0:00  Probe  
  13  0:12  Probe  
  14  0:20  Pylon  
  14  0:24  Probe  
  15  0:39  Probe (Chrono Boost)  
  16  0:45  Gateway  
  16  0:47  Probe (Chrono Boost)  
  16  0:48  Assimilator  
  17  0:53  Probe  
  18  1:05  Probe  
  19  1:18  Probe  
  20  1:27  Nexus  
  20  1:38  Cybernetics Core  
  20  1:41  Probe  
  21  1:50  Assimilator  
  21  1:54  Probe  
  21  1:56  Pylon  
  22  2:06  Probe  
  23  2:15  Stargate  
  23  2:18  Probe  
  23  2:19  Adept (Chrono Boost)  
  26  2:31  Probe (Chrono Boost)  
  27  2:39  Probe (Chrono Boost)  
  27  2:40  Adept, Warp Gate  
  31  2:49  Probe (Chrono Boost)  
  31  2:50  Probe (Chrono Boost)  
  32  2:55  Probe x2 (Chrono Boost)  
  32  2:56  Gateway  
  34  3:00  Oracle (Chrono Boost)  
  37  3:07  Probe  
  38  3:13  Probe  
  38  3:19  Probe  
  40  3:20  Robotics Facility  
  40  3:24  Assimilator  
  40  3:25  Probe  
  41  3:28  Assimilator  
  41  3:31  Probe  
  41  3:33  Pylon  
  42  3:37  Probe (Chrono Boost)  
  43  3:43  Probe (Chrono Boost)  
  43  3:45  Twilight Council  
  44  3:50  Probe (Chrono Boost)  
  44  3:55  Probe (Chrono Boost)  
  46  3:59  Probe (Chrono Boost)  
  46  4:00  Probe (Chrono Boost)  
  48  4:06  Gateway, Probe  
  48  4:07  Gateway  
  48  4:09  Probe  
  50  4:13  Warp Prism (Chrono Boost)  
  52  4:20  Pylon  
  52  4:25  Templar Archives  
  52  4:30  Probe x2  
  54  4:39  Pylon  
  54  4:46  Nexus  
  54  4:57  Forge  
  54  5:02  High Templar x4  
  54  5:04  Probe (Chrono Boost)  
  54  5:06  Archon x2, Probe (Chrono Boost)  
  64  5:10  Charge  
  64  5:16  Probe (Chrono Boost)  
  66  5:21  Probe (Chrono Boost)  
  66  5:23  Probe (Chrono Boost)  
  66  5:24  Pylon  
  67  5:30  Protoss Ground Weapons Level 1 (Chrono Boost), Probe (Chrono Boost)  
  67  5:31  Probe (Chrono Boost)  
  69  5:36  Psionic Storm  
  69  5:42  Probe (Chrono Boost)  
  71  5:45  Probe (Chrono Boost)  
  71  5:47  Gateway, Probe (Chrono Boost)  
  71  5:48  Gateway  
  72  5:50  Gateway  
  72  5:55  Probe (Chrono Boost)  
  72  5:56  Gateway  
  73  5:59  Probe (Chrono Boost)  
  73  6:00  Pylon  
  73  6:01  Probe (Chrono Boost)  
  75  6:05  Pylon  
  75  6:08  Assimilator  
  75  6:09  Assimilator  
  78  6:12  Probe x2 (Chrono Boost)  
  78  6:14  Probe (Chrono Boost)  
  78  6:17  Probe (Chrono Boost)  
  79  6:18  Probe (Chrono Boost)  
  79  6:21  Probe  
  81  6:27  Probe  
  81  6:28  Observer  
  81  6:29  High Templar  
  81  6:30  High Templar x2, Probe  
  90  6:35  Probe  
  91  6:40  Pylon  
  91  6:43  High Templar, Zealot x2, Pylon  
  97  6:52  Gateway  
  97  6:53  Gateway  
  97  6:58  High Templar x2  
  101  7:02  Archon  
  101  7:10  Zealot x4  
  109  7:20  Zealot  
  111  7:28  Nexus  
  111  7:29  Pylon  
  111  7:33  Zealot x7  
  121  7:48  Probe  
  121  7:49  Probe x2  
  124  8:00  High Templar x4  
  124  8:04  Archon x2  
  132  8:13  Pylon  
  132  8:15  Pylon  
  132  8:16  Pylon  
  132  8:20  Pylon  
  132  8:23  Pylon x2  
  132  8:25  Pylon  
  132  8:32  Zealot  
  132  8:33  Zealot x7  
Tags
 
Add a new tag
Caveats
  • Supply blocks, unpowered buildings, or Contaminate may cause inaccurate times.
  • Supply counts are checked every 10 seconds.